Unix NetHack Version 5.0.0-0 post-release - last build May 30 2026 05:04:26 (55804bc15828dd6e32e9076e0726aa6fccb6e981,branch:main).

Game began 2026-05-30 19:45:50, ended 2026-05-31 04:30:03.

7spoons, lawful female human Valkyrie

                                      -------
                                    ---.--..----- -----
                  ---              --........|..|--...--
     ---------   --.--             |............-#.....--       -----
    --...||.*|  --...----         --...........)))--....|      --...---
    |....--(.--|........--        |........<....%------.| ------......--
    |.........--.........|        |............).|    -----............|
    |....................|        ---.....-....e----------..--........-|
    --...................--         |..........d@..........-|...---....|
     |....--........--....|         ---........s--------------.-- |....------
     |...----...... ....^.---       ---.........|            ---  --....--%.|
     -----  |.....-  ##.....-----  --...|.--....--                 |^....>..--
            --(...--.--...-.....|  |..--------...|                 ---.()[*..--
            ---............----.|---.--     ---..|                  --........|
            |...-......0....| |.--...|     --.|..---                |....--..--
        -----.--.....^.....-- |....---     |.......|                |-.0.||..|
       --.|...|--.........--  --..--       --......------          --....| ---
      --.....-- ----.....--    ----        |............|          |...---
      |.....--     |...---                 |...-----....|          |...|
      --.----      |..--                   --.--   |..---          -----
       ---         ----                     ---    ----
7spoons the Woman-at-arms   St:18 Dx:17 Co:18 In:7 Wi:10 Ch:11  Lawful
Dlvl:11 $:0  HP:0(96) Pw:23(23) AC:-5 Xp:10 T:21529 

Latest messages:
 #
 Are you sure you want to pray? [yn] (n)
 You begin praying to Tyr.
 You are surrounded by a shimmering light.
 You finish your prayer.
 You feel that Tyr is well-pleased.
 Your stomach feels content.
 You climb up the stairs.
 What do you want to put on? [F or ?*]
 You are now wearing a blindfold.
 You can't see any more.
 You were wearing an uncursed blindfold.
 You can see again.
 You hit the floating eye!
 You are frozen by the floating eye's gaze!
 The warg bites!
 The warg bites!
 The warg bites!
 The warg just misses!
 The warg bites!
 The warg bites!
 The warg misses!
 The warg bites!
 The warg bites!
 The warg bites!
 The warg bites!
 The warg bites!
 The warg bites!
 The warg bites!
 The warg bites!
 The warg bites!
 The warg bites!
 The warg bites!
 The warg bites!
 The warg misses!
 The warg bites!
 The warg just misses!
 The warg bites!
 The centipede bites!
 The warg bites!
 The centipede bites!
 The warg bites!
 The warg bites!
 The warg bites!
 You die...
 Do you want your possessions identified? [ynq] (y)
 Do you want to see your attributes? [ynq] (y)
 Do you want an account of creatures vanquished? [ynaq] (y)
 Do you want to see your conduct and achievements? [ynq] (y)
 Do you want to see the dungeon overview? [ynq] (y)

Inventory:
 Weapons  (')')
  b - 6 +0 daggers (at the ready)
  i - a +1 elven dagger (weapon in right hand)
 Armor    ('[')
  t - an uncursed rusty +0 dwarvish iron helm (being worn)
  K - a blessed +1 pair of leather gloves (being worn)
  x - an uncursed +0 pair of kicking boots (being worn)
  c - an uncursed +3 small shield (being worn)
  X - an uncursed +0 dwarvish cloak (being worn)
  B - a blessed +0 plate mail (being worn)
 Comestibles  ('%')
  g - an uncursed lizard corpse
 Wands    ('/')
  d - a wand of locking (0:6)
  j - a wand of magic missile (0:3)
 Tools    ('(')
  q - an empty uncursed bag of holding
  F - an uncursed blindfold
  H - a blessed magic lamp (lit)
  a - an uncursed skeleton key
  h - a +0 unicorn horn

7spoons the Valkyrie's attributes:

Background:
 You were a Woman-at-arms, a level 10 human Valkyrie.
 You were lawful, on a mission for Tyr
 who was opposed by Odin (neutral) and Loki (chaotic).
 You were right-handed.
 You were in the Gnomish Mines, on level 11.
 You entered the dungeon 21529 turns ago.
 It was nighttime.
 There was a full moon in effect when your adventure ended.
 You had 6553 experience points, 3447 more were needed to attain level 11.

Basics:
 You had 0 out of 96 hit points.
 You had all 23 energy points (spell power).
 Your armor class was -5.
 Your wallet was empty.
 Autopickup was off.

Final Characteristics:
 Your strength was 18 (limit:18/100).
 Your dexterity was 17 (limit:18).
 Your constitution was 18 (limit:18).
 Your intelligence was 7 (limit:18).
 Your wisdom was 10 (limit:18).
 Your charisma was 11 (limit:18).

Final Status:
 You weren't hungry.
 You were unencumbered.
 You were wielding a dagger.
 You had expert skill with dagger.

Final Attributes:
 You were piously aligned.
 Your items were somewhat protected from fire.
 You were cold resistant.
 Your items were somewhat protected from cold.
 You were poison resistant.
 You were telepathic.
 You were stealthy.
 You were guarded.
 You were fast.
 You were lucky.
 You are dead.

Miscellaneous:
 You encountered 2 bones levels.
 Total elapsed playing time was 4 hours, 57 minutes and 33 seconds.

Major events:
 Turn
    1: 7spoons the lawful human Valkyrie entered the dungeon
 1559: attained the rank of Skirmisher (level 3)
 2386: entered the Gnomish Mines
 3239: attained the rank of Fighter (level 6)
 4144: reached Mine Town
 7344: entered Sokoban
 9971: completed 1st Sokoban level
10531: completed 2nd Sokoban level
10838: completed 3rd Sokoban level
11970: completed 4th Sokoban level
15610: attained the rank of Woman-at-arms (level 10)
16555: entered the Bigroom
21529: killed by a warg, while frozen by a floating eye's gaze

You didn't know any spells.

Skills:
 Fighting Skills
   bare handed combat [Unskilled]
   two weapon combat  [Unskilled]
   riding             [Unskilled]
 Weapon Skills
   dagger             [Expert]
   axe                [Unskilled]
   pick-axe           [Unskilled]
   short sword        [Unskilled]
   broadsword         [Unskilled]
   long sword         [Basic]
   two-handed sword   [Unskilled]
   saber              [Unskilled]
   hammer             [Unskilled]
   quarterstaff       [Unskilled]
   polearms           [Unskilled]
   spear              [Basic]
   trident            [Unskilled]
   lance              [Unskilled]
   sling              [Unskilled]
 Spellcasting Skills
   attack spells      [Unskilled]
   escape spells      [Unskilled]

Voluntary challenges:
 Character rerolling was not enabled.
 You never genocided any monsters.
 You never polymorphed an object.
 You used no wishes.
 You did not violate any of the special Sokoban rules.
Achievements:
 You entered a shop.
 You attained the rank of Skirmisher.
 You entered the Gnomish Mines.
 You attained the rank of Fighter.
 You entered Minetown.
 You entered a temple.
 You entered Sokoban.
 You attained the rank of Woman-at-arms.
 You entered the Big Room.

 The Dungeons of Doom: levels 1 to 11
    Level 1:
    Level 2:
    Level 3:
       A wand shop, many trees.
    Level 4:
       Stairs down to The Gnomish Mines.
    Level 5:
       Oracle of Delphi.
    Level 6:
       A general store, a grave.
       Stairs up to Sokoban, level 5.
    Level 7:
    Level 8:
    Level 9:
       A bookstore, a grave.
       Final resting place for
          h2g2-Ran-Elf-Fem-Cha, killed by a scorpion.
    Level 10:
    Level 11:
       A very big room.
       Summoned by the Norn.
 The Gnomish Mines: levels 5 to 12
    Level 5:
    Level 6:
    Level 7:
    Level 8:
       Many shops, a temple and an altar, some fountains, a grave.
       Final resting place for
          zste-Cav-Dwa-Mal-Law, killed by a giant spider, while praying.
    Level 9:
    Level 10:
    Level 11: <- You were here.
       Final resting place for
          you, killed by a warg, while frozen by a floating eye's gaze.
    Level 12:
       A fountain.
 Sokoban: levels 5 up to 2
    Level 2:
       Solved.
    Level 3:
       Solved.
    Level 4:
       Solved.
    Level 5:
       Solved.


Vanquished creatures:
  a baby gray dragon
  2 vampires
  2 ghosts
  2 giant mimics
  a stalker
  2 wargs
  a small mimic
  a warhorse
  2 xans
 an ettin mummy
  a quantum mechanic
  a freezing sphere
  a flaming sphere
  4 large cats
  a tiger
  a tengu
  2 leocrottas
 an elf mummy
  2 human mummies
  a python
  a cobra
 an ettin zombie
  4 watchmen
 an amorous demon
  a giant beetle
  a quivering blob
  a cockatrice
 10 wolves
  5 winter wolf cubs
  a panther
  7 gremlins
  6 leprechauns
 an orc-captain
 an iron piercer
  4 giant spiders
  a scorpion
  a horse
  2 ice vortices
  a black light
  3 forest centaurs
  2 gnome rulers
  2 orc mummies
  3 dwarf mummies
  2 ogres
  3 owlbears
  3 yetis
  2 gold golems
  7 lizards
  a chickatrice
  2 dingoes
  a dog
  a housecat
  a jaguar
  a white unicorn
  2 gray unicorns
  a black unicorn
  a dust vortex
  a raven
  4 plains centaurs
  2 gnome mummies
  2 snakes
  6 water moccasins
  6 apes
  9 human zombies
  a rope golem
  5 Woodland-elves
  3 soldier ants
  4 bugbears
 an imp
  3 quasits
  5 wood nymphs
  2 water nymphs
  2 mountain nymphs
  7 Uruk-hai
 an orc shaman
  3 rock piercers
  a rock mole
  3 ponies
  2 fog clouds
  6 yellow lights
  2 shriekers
  a violet fungus
 19 gnome leaders
  3 gnomish wizards
  3 kobold mummies
  4 gray oozes
  4 elf zombies
  2 ghouls
  4 straw golems
  2 paper golems
  7 giant ants
  2 little dogs
  6 floating eyes
  7 dwarves
  2 homunculi
  2 kobold leaders
  3 kobold shamans
  9 hill orcs
 12 rothes
  3 rabid rats
  a centipede
  2 monkeys
  5 orc zombies
  8 dwarf zombies
  4 wererats
  2 werejackals
  6 iguanas
 21 killer bees
  3 acid blobs
  6 coyotes
  a gas spore
  2 hobbits
  6 manes
  a large kobold
  4 hobgoblins
  5 giant rats
  5 cave spiders
  4 yellow molds
  4 green molds
  a red mold
 50 gnomes
  5 garter snakes
  4 gnome zombies
  7 geckos
 10 jackals
  2 foxes
  a kobold
  6 goblins
 10 sewer rats
  9 grid bugs
  2 bats
 10 lichens
  4 kobold zombies
  7 newts
512 creatures vanquished.

No species were genocided or became extinct.

Game over:
                       ----------
                      /          \
                     /    REST    \
                    /      IN      \
                   /     PEACE      \
                  /                  \
                  |     7spoons      |
                  |       0 Au       |
                  | killed by a warg |
                  |                  |
                  |                  |
                  |                  |
                  |       2026       |
                 *|     *  *  *      | *
        _________)/\\_//(\/(/\)/\//\/|_)_______

Farvel 7spoons the Valkyrie...

You died in The Gnomish Mines on dungeon level 11 with 42656 points,
and 0 pieces of gold, after 21529 moves.
You were level 10 with a maximum of 96 hit points when you died.

